 Dungeon Sprint DCSS version 0.31-a0-876-gfe8ebadbca (webtiles) character file.

Game seed: 8378612676102315678

60 sircluck the Ruffian (level 3, -4/40 HPs)
             Began as a Troll Berserker on Oct 13, 2023.
             Was a Priest of Trog.
             Drowned by a water elemental (5 damage)
             ... in the Dungeon (Sprint III: "The Ten Rune Challenge").
             The game lasted 00:00:47 (117 turns).

sircluck the Ruffian (Troll Berserker)               Turns: 117, Time: 00:00:47

Health: -4/40      AC:  3    Str: 27    XL:     3   Next: 82%
Magic:  2/2        EV: 10    Int:  3    God:    Trog [***...]
Gold:   33         SH:  0    Dex:  9    Spells: 2/2 levels left

rFire   x .          .
                       - Unarmed
rCold   . . .        (no shield)
rNeg    . . .        a - +0 animal skin
rPois   .            (helmet restricted)
rElec   .            (no cloak)
rCorr   .            (gloves unavailable)
SInv    .            (boots unavailable)
Will    .....        (no amulet)
Stlth   +            (no ring)
HPRegen 1.06/turn    (no ring)
MPRegen 0.08/turn

%: no teleportation
@: engulfed (cannot breathe)
A: large, unfitting armour, claws 3, regeneration 1, shaggy fur 1, tough skin 1,
deformed body, heat vulnerability 1
a: Renounce Religion, Berserk, Trog's Hand


You were in the Dungeon.
You worshipped Trog.
Trog was most pleased with you.
You visited 1 branch You collected 33 gold pieces.

Inventory:

Armour
 a - a +0 animal skin (worn)
Scrolls
 g - a scroll of blinking
 j - a scroll of immolation {unknown}
 k - 4 scrolls of identify
 l - a scroll of poison {unknown}
Potions
 b - a potion of curing
 c - a potion of heal wounds
 d - a potion of haste
 e - 3 potions of magic
 f - a potion of berserk rage
 h - a potion of lignification {unknown}
 m - a potion of enlightenment {unknown}


   Skills:
 + Level 4.3 Fighting
 + Level 4.3 Dodging
 + Level 5.2 Unarmed Combat


You had 2 spell levels left.
You didn't know any spells.
Your spell library was empty.

Dungeon Overview and Level Annotations

Branches:
Dungeon (1/1)

Altars:


Innate Abilities, Weirdness & Mutations

You are too large for most types of armour.
You have claws for hands.
Your natural rate of healing is unusually fast.
You are covered in fur. (AC +1)
You have tough skin. (AC +1)
Armour fits poorly on your strangely shaped body.
You are vulnerable to heat. (rF-)


Message History

You feel clumsy.
You no longer become unable to read scrolls after taking damage.
You feel genetically unstable.
You occasionally lose the ability to drink potions when taking damage.
You feel extremely strange.
You no longer become unable to drink potions after taking damage.
You occasionally lose the ability to drink potions when taking damage.
You feel extremely strange.
You no longer become unable to drink potions after taking damage.
You feel vulnerable to heat.
Your body twists and deforms.
There is an open door here.
You enter the shallow water.
You open the door.
A water elemental comes into view.
The water elemental moves out of view.
A water elemental is nearby!
You completely miss the water elemental.
The water elemental hits you.
The water elemental engulfs you in water!
You scratch the water elemental but do no damage.
Your lungs strain for air!
The water elemental hits you!
You are too injured to fight recklessly!
You are too injured to fight recklessly!
You are too injured to fight recklessly!
You are too injured to fight recklessly!
You are too injured to fight recklessly!
You are too injured to fight recklessly!
You are too injured to fight recklessly!
You are too injured to fight recklessly!
You are too injured to fight recklessly!
You are too injured to fight recklessly!
You scratch the water elemental but do no damage.
Your claw misses the water elemental.
Your lungs strain for air!
The water elemental hits you!
* * * LOW HITPOINT WARNING * * *
You claw the water elemental!
The water elemental is severely damaged.
You die...

▓▓▓▓▓▓▓▓▓▓▓▓ ▓▓▓
<.#..'...♣.♣♣ ♣.#
..#..#....♣.♣ ♣♣.#
#'####.....♣♣ ♣..#
.....#....~♣♣♣♣♣.# #+#+#
.....#...~~..♣♣♣.#......
.....#..~~~†....@E.⌠....
####'#..~≈≈~~~.♣.#...###
...).#.~~≈~~~....#.⌠.#
.....#.~≈~~~.....# ..#
.....#.~~~.......# ###
'#####...........#
..........†......#
▓▓▓▓▓▓▓▓▓▓▓▓▓▓▓▓▓▓


You could see a water elemental.

Vanquished Creatures
  Jessica (D)
  A human (D)
  A wolf (D)
  An endoplasm (D)
  2 rats (D)
6 creatures vanquished.

Notes
Turn   | Place    | Note
-------+----------+-------------------------------------------
     0 | D        | sircluck the Troll Berserker began the quest for the Orb.
     0 | D        | Reached XP level 1. HP: 22/22 MP: 0/0
    13 | D        | Noticed Jessica
    18 | D        | Killed Jessica
    18 | D        | Reached ** piety under Trog
    19 | D        | Reached skill level 4 in Unarmed Combat
    19 | D        | Reached XP level 2. HP: 23/32 MP: 1/1
    21 | D        | Reached XP level 3. HP: 30/39 MP: 2/2
    65 | D        | Reached *** piety under Trog
    66 | D        | Reached skill level 5 in Unarmed Combat
    88 | D        | Gained mutation: You are vulnerable to cold. (rC-) [potion
                  | of mutation]
    88 | D        | Gained mutation: You expend magic power (3 MP) to
                  | strengthen your wands. [potion of mutation]
    89 | D        | Lost mutation: You expend magic power (3 MP) to strengthen
                  | your wands. [potion of mutation]
    89 | D        | Lost mutation: You are vulnerable to cold. (rC-) [potion of
                  | mutation]
    89 | D        | Gained mutation: You are weak. (Str -2) [potion of
                  | mutation]
    89 | D        | Gained mutation: You heal very quickly. [potion of
                  | mutation]
    90 | D        | Lost mutation: You are weak. (Str -2) [potion of mutation]
    90 | D        | Lost mutation: You heal very quickly. [potion of mutation]
    90 | D        | Gained mutation: You occasionally lose the ability to read
                  | scrolls when taking damage. [potion of mutation]
    90 | D        | Gained mutation: You are agile. (Dex +4, Str/Int -1)
                  | [potion of mutation]
    90 | D        | Gained mutation: You are somewhat resistant to further
                  | mutation. [potion of mutation]
    91 | D        | Lost mutation: You are agile. (Dex +4, Str/Int -1) [potion
                  | of mutation]
    91 | D        | Lost mutation: You occasionally lose the ability to read
                  | scrolls when taking damage. [potion of mutation]
    91 | D        | Lost mutation: You are somewhat resistant to further
                  | mutation. [potion of mutation]
    91 | D        | Gained mutation: You occasionally lose the ability to drink
                  | potions when taking damage. [potion of mutation]
    92 | D        | Lost mutation: You occasionally lose the ability to drink
                  | potions when taking damage. [potion of mutation]
    92 | D        | Gained mutation: You occasionally lose the ability to drink
                  | potions when taking damage. [potion of mutation]
    93 | D        | Lost mutation: You occasionally lose the ability to drink
                  | potions when taking damage. [potion of mutation]
    93 | D        | Gained mutation: You are vulnerable to heat. (rF-) [potion
                  | of mutation]
    93 | D        | Gained mutation: Armour fits poorly on your strangely
                  | shaped body. [potion of mutation]
   112 | D        | Noticed a water elemental
   116 | D        | HP: 1/40 [water elemental (14)]
   117 | D        | Drowned by a water elemental

Illustrated notes

Levels and vault maps discovered:
D:        dungeon_sprint_mu [sprint_mu_entry_forest, sprint_mu_temple_rooms,
          sprint_mu_d1_horrors, sprint_mu_d2_genie, sprint_mu_d3_branching,
          sprint_mu_orc_legion, sprint_mu_elf_gauntlet, sprint_mu_hive_nellie,
          sprint_mu_lair_fedhas, sprint_mu_vaults_butterflies,
          sprint_mu_slime_circle, sprint_mu_shoals_archi,
          sprint_mu_snake_twists, sprint_mu_blade_basic,
          sprint_mu_crypt_fortress, sprint_mu_tomb_spiral,
          sprint_mu_vestibule_basic, sprint_mu_gehenna_hellfire,
          sprint_mu_dis_giant, sprint_mu_tartarus_statrot,
          sprint_mu_cocytus_islands, sprint_mu_zot1]

Skill      XL: |  1  2  3 |
---------------+----------+-----
Fighting       | 3 4 |  4.3
Dodging        | 3 4 |  4.3
Unarmed Combat | 4 5 |  5.2

Action                     || total
---------------------------++-------
  Melee: Unarmed           ||    26
         Punch             ||     1
    Use: Potion            ||     6
 Armour: Animal skin       ||    13
  Dodge: Dodged            ||     8

Table legend: (Time is in decaauts)
 A = Elapsed time spent in this place.
 B = Non-inter-level travel time spent in this place.
 C = Inter-level travel time spent in this place.
 D = Time resting spent in this place.
 E = Time spent auto-exploring this place.
 F = Levels seen in this place.
 G = Mean time per level.
                   A        B        C        D        E       F      G
               +--------+--------+--------+--------+--------+-----+--------+
         Total |    114 |    114 |      0 |      0 |     68 |   1 |  114.0 |
       Dungeon |    114 |    114 |      0 |      0 |     68 |   1 |  114.0 |
               +--------+--------+--------+--------+--------+-----+--------+

Top non-repeatable levels by time:
       D: 114 daAuts
